 Dungeon Crawl Stone Soup version 0.24.0-37-gcf1ca852f1 (webtiles) character file.

Game seed: 14614006554000017242, levelgen mode: deterministic

158 Goblin1989 the Covered (level 5, -2/33 HPs)
             Began as a Gargoyle Fighter on Dec 2, 2019.
             Killed from afar by an orc wizard (6 damage)
             ... with a magic dart
             ... on level 3 of the Dungeon.
             The game lasted 00:02:35 (2507 turns).

Goblin1989 the Covered (Gargoyle Fighter)           Turns: 2507, Time: 00:02:35

Health: -2/33      AC: 11    Str: 21    XL:     5   Next: 39%
Magic:  5/5        EV:  7    Int:  8    God:
Gold:   154        SH:  9    Dex:  9    Spells: 4/4 levels left

rFire    . . .     SeeInvis .   a - +0 flail
rCold    . . .     Gourm    .   c - +0 shield
rNeg     + . .     Faith    .   b - +0 scale mail
rPois    ∞         Spirit   .   (no helmet)
rElec    +         Reflect  .   (no cloak)
rCorr    .         Harm     .   (no gloves)
MR       .....                  (no boots)
Stlth    ..........             (no amulet)
HPRegen  0.11/turn              (no ring)
MPRegen  0.09/turn              (no ring)

@: no status effects
A: negative energy resistance 1, electricity resistance, unbreathing,
petrification resistance, rot immunity, AC +4
a: no special abilities


You were on level 3 of the Dungeon.
You were hungry.

You visited 1 branch of the dungeon, and saw 3 of its levels.

You collected 154 gold pieces.

Inventory:

Hand Weapons
 a - a +0 flail (weapon)
Armour
 b - a +0 scale mail (worn)
 c - a +0 shield (worn)
 f - a +0 cloak
Scrolls
 j - 4 scrolls of remove curse {unknown}
 l - a scroll of immolation {unknown}
 n - a scroll of teleportation {unknown}
 o - a scroll of enchant armour {unknown}
 s - a scroll of enchant weapon {unknown}
Potions
 d - a potion of might {@q4}
 h - a potion of heal wounds {unknown}
 i - 3 potions of curing {unknown}
 k - a potion of resistance {@q6}
 q - a potion of invisibility {unknown}
Comestibles
 e - 2 rations
 t - 3 chunks of flesh


   Skills:
 + Level 4.1 Fighting
 * Level 3.7 Maces & Flails
 + Level 4.1 Armour
 + Level 4.1 Shields


You had 4 spell levels left.
You didn't know any spells.
Your spell library was empty.

Dungeon Overview and Level Annotations

Branches:
Dungeon (3/15)

Altars:
Fedhas
Vehumet
The Shining One


Innate Abilities, Weirdness & Mutations

You are resistant to torment.
Your stone body is resilient. (AC +4)
You are immune to poison.
You resist negative energy. (rN+)
You are resistant to electric shocks. (rElec)
You can survive without breathing.
You are immune to petrification.
You are immune to rotting.


Message History

You sock the hobgoblin!
You kill the hobgoblin!
No target in view!
No target in view!
No target in view!
No target in view!
No target in view!
No target in view!
No target in view!
No target in view!
No target in view!
No target in view!
No target in view!
No target in view!
No target in view!
You butcher the hobgoblin corpse.
t - 3 chunks of flesh
Things that are here:
a +0 club; a hobgoblin skeleton
Things that are here:
a +0 club; a hobgoblin skeleton An orc and an orc priest come into view.
The orc shouts!
The orc priest shouts!
The orc moves out of view.
An orc wizard comes into view. It is wielding a +0 dagger.
There are monsters nearby!
There are monsters nearby!
The orc wizard shouts!
You hear a shout!
The orc priest mumbles some strange prayers to Beogh against you.
Pain shoots through your body!
An orc comes into view. It is wielding a +0 dagger.
You take 2 damage, and have 31/33 hp.
Your shield and scale mail prevent you from hitting the orc priest.
You block the orc priest's attack.
You closely miss the orc priest.
An orc wizard comes into view. It is wielding a +0 dagger.
The orc priest barely misses you.
You hit the orc priest.
The orc priest is lightly wounded.
The orc priest hits you but does no damage.
You closely miss the orc priest.
The orc priest is lightly wounded.
The orc priest calls down the wrath of Beogh upon you.
Pain shoots through your body!
The orc priest hits you but does no damage.
You hit the orc priest.
The orc priest is moderately wounded.
You are feeling hungry.
You block the orc priest's attack.
You take 3 damage, and have 28/33 hp.
You hit the orc priest.
The orc priest is severely wounded.
The orc priest hits you with a cursed -2 short sword.
You take 3 damage, and have 25/33 hp.
Your shield prevents you from hitting the orc priest.
The orc priest is severely wounded.
The orc priest hits you but does no damage.
You barely miss the orc. You block the orc's attack.
You sock the orc!
You kill the orc!
The orc priest invokes the aid of Beogh against you.
Beogh smites you!
* * * LOW HITPOINT WARNING * * *
You are too injured to fight recklessly!
You take 12 damage, and have 14/33 hp.
MASSIVE DAMAGE!!
You are too injured to fight recklessly!
You are too injured to fight recklessly!
You are too injured to fight recklessly!
You are too injured to fight recklessly!
You are too injured to fight recklessly!
You are too injured to fight recklessly!
You are too injured to fight recklessly!
You are too injured to fight recklessly!
You are too injured to fight recklessly!
You are too injured to fight recklessly!
You are too injured to fight recklessly!
You are too injured to fight recklessly!
You are too injured to fight recklessly!
You are too injured to fight recklessly!
You are too injured to fight recklessly!
You are too injured to fight recklessly!
You are too injured to fight recklessly!
You are too injured to fight recklessly!
You are too injured to fight recklessly!
You are too injured to fight recklessly!
Unknown command.
The orc priest mumbles some strange prayers to Beogh against you.
Beogh smites you!
* * * LOW HITPOINT WARNING * * *
Things that are here:
a +0 dagger; an orc corpse You take 10 damage, and have 4/33 hp.
MASSIVE DAMAGE!!
You sock the orc priest!
You kill the orc priest!
You block the orc wizard's attack.
You hit the orc wizard.
The orc wizard is moderately wounded.
The orc wizard points at you and mumbles some strange words.
The magic dart hits you.
You die...

.....................█
███.██████████████████
█.█ █.█ █.█ █.█ █..
███████████████████.██
................@ooo.█


██████████████████████ You could see 2 orc wizards and an orc.

Vanquished Creatures
  A scorpion (D:2)
  An orc priest (D:3)
  3 adders (D:2)
  An ooze (D:1)
  A dart slug (D:2)
  2 leopard geckos (D:2)
  An orc (D:3)
  4 bats
  4 goblins
  11 hobgoblins
  2 jackals (D:1)
  A quokka (D:2)
  4 frilled lizards
  4 kobolds
  5 rats
45 creatures vanquished.

Notes
Turn   | Place    | Note
-------+----------+-------------------------------------------
     0 | D:1      | Goblin1989 the Gargoyle Fighter began the quest for the
                  | Orb.
     0 | D:1      | Reached XP level 1. HP: 14/14 MP: 1/1
   315 | D:1      | Reached XP level 2. HP: 19/19 MP: 2/2
   908 | D:2      | Reached XP level 3. HP: 21/23 MP: 3/3
  1337 | D:2      | Found a faded altar of an unknown god.
  1485 | D:2      | Noticed a scorpion
  1497 | D:2      | Killed a scorpion
  1497 | D:2      | Reached XP level 4. HP: 23/29 MP: 4/4
  1684 | D:2      | Reached XP level 5. HP: 33/33 MP: 5/5
  1738 | D:2      | Found a blossoming altar of Fedhas.
  1738 | D:2      | Found a radiant altar of Vehumet.
  1771 | D:2      | Found a glowing golden altar of the Shining One.
  2507 | D:3      | Killed from afar by an orc wizard

Levels and vault maps discovered:
D:1:      lemuel_arrival_broad_hall, layout_loops_corners, minivault_27
D:2:      layout_basic, amethyst_overflow_temple_binary,
          chequers_ecumenical_altar_simple, nicolae_tso_swordbearing_angel
D:3:      layout_basic, chequers_temple_overflow_minitemple

Skill      XL: |  1  2  3  4  5 |
---------------+----------------+-----
Maces & Flails | 3 |  3.7
Armour         | 4 |  4.1
Shields        | 4 |  4.1
Fighting       | 4 |  4.1

Action                   |  1- 3 |  4- 6 || total
-------------------------+-------+-------++-------
Melee: Flail             |   180 |    51 ||   231
  Eat: Chunk             |     2 |     3 ||     5
Armor: Scale mail        |    99 |    25 ||   124
Dodge: Dodged            |    67 |    13 ||    80
Block: Shield            |    84 |    23 ||   107

Levels and vault maps discovered:
D:1:      lemuel_arrival_broad_hall, layout_loops_corners, minivault_27
D:2:      layout_basic, amethyst_overflow_temple_binary,
          chequers_ecumenical_altar_simple, nicolae_tso_swordbearing_angel
D:3:      layout_basic, chequers_temple_overflow_minitemple
